 Dungeon Crawl Stone Soup version 0.26-a0-712-ga5a9c9c9d0 (webtiles) character file.

Game seed: 13021661296150923555

17908 tilp the Covert (level 12, -2/60 HPs)
             Began as a Spriggan Enchanter on Nov 3, 2020.
             Was an Elder of Dithmenos.
             Slain by Dollipek's ghost (23 damage)
             ... on level 1 of the Lair of Beasts.
             The game lasted 00:32:54 (18134 turns).

tilp the Covert (Spriggan Enchanter)               Turns: 18134, Time: 00:32:55

Health: -2/60      AC:  8    Str:  4    XL:     12   Next: 23%
Magic:  17/22      EV: 26    Int: 27    God:    Dithmenos [****..]
Gold:   1069       SH:  7    Dex: 17    Spells: 10/23 levels left

rFire    . . .     SeeInvis +   a - +5 dagger (elec)
rCold    . . .     Faith    .   q - +0 buckler
rNeg     . . .     Spirit   .   s - +0 steam dragon scales
rPois    +         Reflect  .   (helmet restricted)
rElec    .         Harm     .   Q - +2 cloak
rCorr    .         Rampage  .   (gloves unavailable)
MR       ++...                  (boots unavailable)
Stlth    +++++++++.             (no amulet)
HPRegen  0.20/turn              g - +6 ring of intelligence
MPRegen  0.18/turn              d - ring of poison resistance

@: lethally poisoned (-2 -> -8), confusing touch, wreathed by umbra, very quick
A: very small, unfitting armour, see invisible, speed 3
a: Shadow Step, Renounce Religion


You were on level 1 of the Lair of Beasts.
You worshipped Dithmenos.
Dithmenos was greatly pleased with you.
You visited 3 branches of the dungeon, and saw 14 of its levels.
You also visited: Bailey.

You collected 1069 gold pieces.

Inventory:

Hand Weapons
 a - a +5 dagger of electrocution (weapon)
 b - the +9 short sword "Tesolum" {venom, Str+2}
   (You found it on level 7 of the Dungeon)

   It poisons the flesh of those it strikes.
   It affects your strength (+2).
 y - a +2 vorpal fustibalus
 F - a +0 dagger of holy wrath
 G - a +4 dagger
Missiles
 n - 53 poisoned darts (quivered)
 r - 56 boomerangs
 u - 8 atropa-tipped darts
Armour
 q - a +0 buckler (worn)
 s - +0 steam dragon scales (worn)
 M - +2 acid dragon scales
 Q - a +2 cloak (worn)
Magical Staves
 A - an uncursed staff of air {unknown}
 O - a cursed staff of death {unknown}
 P - an uncursed staff of air {unknown}
Jewellery
 d - a ring of poison resistance (right hand)
 g - a +6 ring of intelligence (left hand)
 C - an uncursed ring of magical power
 N - the cursed necklace of Bloodlust {*Rage +Rage MR++ Int-3 Slay+6 *Curse}
   (You found it on level 8 of the Dungeon)

   [amulet of nothing]

   It affects your intelligence (-3).
   It affects your accuracy and damage with ranged weapons and melee attacks
   (+6).
   It affects your resistance to hostile enchantments.
   It lets you go berserk.
   It may make you go berserk in combat.
   It curses itself when equipped.
   It has a curse placed upon it.
Wands
 m - a wand of random effects (14)
 w - a wand of polymorph (6)
 I - a wand of iceblast (10)
 L - a wand of disintegration (23)
Scrolls
 e - 9 scrolls of remove curse
 o - a scroll of fog
 p - 2 scrolls of amnesia
 v - 2 scrolls of immolation
 K - a scroll of magic mapping
Potions
 c - 4 potions of ambrosia
 f - 4 potions of curing
 h - 5 potions of might
 i - 3 potions of haste
 j - 4 potions of mutation
 k - 2 potions of lignification
 l - 3 potions of heal wounds
 t - a potion of magic {unknown}
 x - 6 potions of brilliance
 z - 4 potions of invisibility
 B - 5 potions of flight
 E - 2 potions of cancellation
 J - a potion of degeneration {unknown}
Miscellaneous
 D - a box of beasts (2/3)
 H - a box of beasts (2/3)
 S - a condenser vane (2/2)


   Skills:
 + Level 5.0 Fighting
 + Level 9.7 Short Blades
 + Level 10.5 Dodging
 + Level 13.8 Stealth
 - Level 4.0 Shields
 - Level 6.0 Spellcasting
 - Level 2.0 Conjurations
 + Level 9.9 Hexes
 - Level 4.0 Invocations
 + Level 7.6 Evocations


You had 10 spell levels left.
You knew the following spells:

 Your Spells              Type           Power        Failure   Level
a - Corona                Hex            ######.      1%          1
b - Ensorcelled Hibernat  Hex/Ice        ####..       1%          2
c - Confusing Touch       Hex            ######..     1%          3
d - Tukima's Dance        Hex            ######..     1%          3
e - Dazzling Flash        Conj/Hex       #####.       1%          3
f - Apportation           Tloc           #.....       8%          1

Your spell library contained the following spells:

 Spells                   Type           Power        Failure   Level
 Summon Guardian Golem    Hex/Summ       ####....     3%          3
 Animate Skeleton         Necr           #.....       8%          1
 Pain                     Necr           #...         8%          1
 Summon Small Mammal      Summ           #...         8%          1
 Call Imp                 Summ           #.......     12%         2
 Call Canine Familiar     Summ           #.......     24%         3
 Vampiric Draining        Necr           #.........   24%         3
 Animate Dead             Necr           #.........   61%         4
 Summon Ice Beast         Ice/Summ       #.......     61%         4
 Summon Lightning Spire   Summ/Air       #.......     61%         4
 Agony                    Necr           #.......     91%         5


Dungeon Overview and Level Annotations

Branches:
Dungeon (12/15)            Temple (1/1) D:4            Lair (1/6) D:11
    Orc (0/2) D:12         Bailey (visited)

Altars:
Ashenzari
Cheibriados
Dithmenos
Elyvilon
Fedhas
Gozag
Hepliaklqana
Kikubaaqudgha
Makhleb
Nemelex Xobeh
Okawaru
Qazlal
Ru
Sif Muna
Trog
Uskayaw
Vehumet
Wu Jian
Xom
Yredelemnul
Zin
The Shining One

Shops:
D:5 *   D:6 (

Annotations:
D:9 1 runed translucent door, Yorgos's ghost, novice DEIE
D:11 catoblepas
Lair:1 Dollipek's ghost, journeyman FoFi


Innate Abilities, Weirdness & Mutations

You are very small and have problems with some larger weapons.
You are too small for most types of armour.
You have supernaturally acute eyesight. (SInv)
You cover ground extremely quickly.


Message History

...and a juvenile firebat beast flies out!
You feel sick.
The +0 long sword of chaos hits your juvenile firebat beast.
Lightning courses through your juvenile firebat beast!
The +0 long sword of chaos hits your juvenile firebat beast but does no damage.
Your juvenile firebat beast hits the +0 long sword of chaos!!
The +0 long sword of chaos hits your juvenile firebat beast but does no damage.
Your juvenile firebat beast seems to grow stronger.
You see here a blink frog skeleton.
You feel sick.
Your juvenile firebat beast breathes flames at the +0 long sword of chaos.
The blast of flame hits the +0 long sword of chaos.
The +0 long sword of chaos resists.
The +0 long sword of chaos hits your juvenile firebat beast but does no damage.
Your juvenile firebat beast hits the +0 long sword of chaos.
Your juvenile firebat beast hits the +0 long sword of chaos!
The +0 long sword of chaos falls from the air.
Dithmenos accepts your kill. Dollipek's ghost hits you!!
You die...

##..#...#...#...<÷......#
##........##....##....##
#........######.)##....##
......##......##H##...#.##
.....###.....###.#.##....###
###...).......##÷###.#.....###
#$#..##..#....#....###........
._'.>.....#....P....#.........
#$#...#....##..W@......##.....
###.W................### .....
>......###.÷.........# ....
..............##.....# ..#
##...#.......###^......# ##.
#.#......#.## #.#......
#.#..##.#### ..#.......
..##.#### #.P##...... #..####
..# .##..


You could see Dollipek's ghost and a friendly juvenile firebat beast (summoned,
strong, catching breath).

Vanquished Creatures
  Josephine (D:12)
  A boulder beetle (D:11)
  A two-headed ogre (D:6)
  5 ugly things
  A cyclops (D:12)
  A black mamba (Lair:1)
  2 cane toads (Lair:1)
  Maggie (D:8)
  A kobold demonologist (D:8)
  3 komodo dragons
  5 blink frogs (Lair:1)
  5 wraiths (D:12)
  14 yaks
  A wyvern (D:11)
  3 basilisks (D:11)
  A steam dragon (D:10)
  A soldier ant (D:8)
  2 water moccasins (Lair:1)
  10 orc warriors
  A swamp drake (D:11)
  2 ice beasts
  2 sky beasts
  6 ogres
  An eye of draining (D:9)
  8 centaurs
  13 big kobolds
  2 bullfrogs
  2 scorpions
  12 killer bees
  2 electric eels (D:7)
  3 howler monkeys
  5 wights
  A bullfrog zombie (D:6)
  A centaur zombie (D:9)
  3 bullfrog skeletons
  3 hounds
  6 jellies
  15 orc wizards
  A centaur skeleton (D:12)
  5 orc priests
  6 iguanas
  10 worker ants
  A hound zombie (D:7)
  A gnoll (Bailey)
  A howler monkey skeleton (D:4)
  9 adders
  A shadow imp (D:9)
  2 white imps
  2 ufetubi
  3 oozes
  An adder zombie (D:6)
  An adder skeleton (D:7)
  3 worms
  10 dart slugs
  4 leopard geckos
  44 orcs
  12 bats
  6 giant cockroaches
  9 goblins
  11 hobgoblins
  14 jackals
  4 quokkas
  3 ball pythons
  4 frilled lizards
  25 kobolds
  A quokka skeleton (D:9)
  8 rats
349 creatures vanquished.

Vanquished Creatures (collateral kills)
  A dancing weapon (Lair:1)
1 creature vanquished.

Vanquished Creatures (others)
  A bullfrog (D:11)
  An orc (D:11)
  A fungus (Lair:1)
3 creatures vanquished.

Grand Total: 353 creatures vanquished

Notes
Turn   | Place    | Note
-------+----------+-------------------------------------------
     0 | D:1      | tilp the Spriggan Enchanter began the quest for the Orb.
     0 | D:1      | Reached XP level 1. HP: 9/9 MP: 5/5
   367 | D:1      | Reached skill level 5 in Stealth
   367 | D:1      | Reached XP level 2. HP: 13/13 MP: 6/6
   371 | D:1      | Learned a level 2 spell: Ensorcelled Hibernation
  1844 | D:2      | Reached XP level 3. HP: 16/16 MP: 5/8
  1849 | D:2      | Learned a level 3 spell: Confusing Touch
  2149 | D:2      | Found a bloodstained altar of Trog.
  2156 | D:2      | Found an ancient bone altar of Kikubaaqudgha.
  2801 | D:3      | Reached skill level 6 in Stealth
  2967 | D:3      | Reached XP level 4. HP: 21/21 MP: 9/9
  3189 | D:3      | Found a faded altar of an unknown god.
  3831 | D:4      | Noticed an ogre
  3841 | D:4      | Killed an ogre
  3841 | D:4      | Reached skill level 7 in Stealth
  3841 | D:4      | Reached XP level 5. HP: 24/24 MP: 10/10
  3999 | D:4      | Found a staircase to the Ecumenical Temple.
  4035 | Temple   | Entered the Ecumenical Temple
  4306 | D:4      | Learned a level 3 spell: Tukima's Dance
  4324 | D:4      | Reached skill level 1 in Shields
  4324 | D:4      | Reached XP level 6. HP: 28/28 MP: 4/11
  4354 | D:4      | Reached skill level 8 in Stealth
  4658 | D:4      | Reached skill level 5 in Short Blades
  4934 | D:5      | Entered Level 5 of the Dungeon
  5005 | D:5      | HP: 1/28 [orc wizard/magic dart (11)]
  5498 | D:5      | Reached XP level 7. HP: 32/32 MP: 10/12
  5680 | D:5      | Found a sacrificial altar of Ru.
  5942 | D:5      | Found Woerouq's Assorted Antiques.
  6489 | D:6      | Found Itutehi's Antique Weapon Boutique.
  6521 | D:6      | Noticed a two-headed ogre
  6656 | D:6      | Killed a two-headed ogre
  6656 | D:6      | Reached skill level 1 in Fighting
  6656 | D:6      | Reached XP level 8. HP: 23/37 MP: 1/15
  6661 | D:6      | Learned a level 3 spell: Dazzling Flash
  8004 | D:7      | Found a flagged portal.
  8030 | Bailey   | Entered a bailey
  8222 | Bailey   | Reached skill level 5 in Dodging
  8462 | Bailey   | Reached XP level 9. HP: 18/43 MP: 10/16
  8692 | Bailey   | HP: 1/44 [orc warrior/+0 war axe (21)]
  9487 | D:7      | Got a crude short sword
  9508 | D:7      | Found a stormy altar of Qazlal.
  9521 | D:7      | Found a white marble altar of Elyvilon.
  9551 | D:7      | Reached skill level 1 in Evocations
  9851 | D:7      | Found a shimmering blue altar of Sif Muna.
  9874 | D:7      | Found a shadowy altar of Dithmenos.
  9880 | D:7      | Became a worshipper of Dithmenos the Shadowed
 10840 | D:8      | Found the cursed necklace of Bloodlust {*Rage +Rage MR++
                  | Int-3 Slay+6 *Curse}
 11134 | D:8      | Noticed Maggie
 11156 | D:8      | Killed Maggie
 11156 | D:8      | Reached skill level 9 in Stealth
 11408 | D:8      | Noticed a red ugly thing
 11809 | D:8      | Reached skill level 10 in Stealth
 11910 | D:8      | Reached XP level 10. HP: 45/49 MP: 12/17
 12005 | D:8      | Reached * piety under Dithmenos
 12087 | D:8      | Killed a red ugly thing
 12087 | D:8      | Reached skill level 11 in Stealth
 12200 | D:8      | Reached skill level 12 in Stealth
 12269 | D:8      | Reached skill level 1 in Invocations
 12660 | D:8      | Identified the +9 short sword "Tesolum" {venom, Str+2} (You
                  | found it on level 7 of the Dungeon)
 12772 | D:9      | Found a runed translucent door.
 12772 | D:9      | Noticed Yorgos's ghost (novice DEIE)
 12898 | D:9      | Found a sparkling altar of Nemelex Xobeh.
 12914 | D:9      | Reached ** piety under Dithmenos
 13543 | D:9      | Noticed a moth of wrath
 13546 | D:9      | Found a bloodstained altar of Trog.
 13629 | D:10     | Entered Level 10 of the Dungeon
 13698 | D:10     | Learned a level 1 spell: Apportation
 13871 | D:10     | Reached skill level 1 in Conjurations
 14526 | D:11     | Noticed a boulder beetle
 14533 | D:11     | Killed a boulder beetle
 14533 | D:11     | Reached skill level 5 in Evocations
 14630 | D:11     | Noticed a green ugly thing
 14637 | D:11     | Killed a green ugly thing
 14677 | D:11     | Reached XP level 11. HP: 52/52 MP: 19/19
 14701 | D:11     | Reached skill level 5 in Spellcasting
 14745 | D:11     | Noticed a purple ugly thing
 14748 | D:11     | Killed a purple ugly thing
 14781 | D:11     | Noticed a catoblepas
 14902 | D:11     | Reached *** piety under Dithmenos
 15891 | D:12     | Found a staircase to the Orcish Mines.
 16491 | D:12     | Noticed Josephine
 16501 | D:12     | Killed Josephine
 16501 | D:12     | Reached skill level 13 in Stealth
 16517 | D:12     | Reached **** piety under Dithmenos
 16771 | D:12     | Noticed a brown ugly thing
 16784 | D:12     | Killed a brown ugly thing
 16881 | D:11     | Noticed a green ugly thing
 16908 | D:11     | Killed a green ugly thing
 17075 | D:11     | Reached skill level 10 in Dodging
 17089 | D:11     | Found a staircase to the Lair.
 17325 | Lair:1   | Entered Level 1 of the Lair of Beasts
 17360 | Lair:1   | Reached XP level 12. HP: 45/58 MP: 12/22
 17587 | Lair:1   | Found a runed translucent door.
 17638 | Lair:1   | Reached skill level 5 in Fighting
 17693 | Lair:1   | Found a shimmering altar of Xom.
 17693 | Lair:1   | Noticed Dollipek's ghost (journeyman FoFi)
 17711 | Lair:1   | HP: 1/60 [+0 long sword of chaos (8)]
 18134 | Lair:1   | Slain by Dollipek's ghost

Illustrated notes

Levels and vault maps discovered:
D:1:      matt_arrival_diagonals, layout_basic, st_stairs_11,
          hangedman_decor_points
D:2:      layout_basic, amethyst_overflow_temple_binary, minmay_tromino_v2
D:3:      layout_basic, chequers_ecumenical_altar_simple
D:4:      layout_cave_pools, temple_pool_b, minmay_starry_boxes
D:5:      layout_loops_ring, serial_shops, kennysheep_mini, st_stairs_11,
          kennysheep_flooded_box, chequers_serial_rivers_room_a,
          hangedman_decor_clover_reticule, kennysheep_crisscross,
          nicolae_ru_sacrificial_ziggurat
D:6:      layout_layer_cave, serial_shops, shop
D:7:      kennysheep_slugbush, layout_basic, nicolae_overflow_quartered_altars,
          enter_bailey_3
D:8:      minmay_cut_squares, layout_rooms, special_room [special_room_kobold],
          grunt_ministairs_3, minmay_misc_feat_alley, minmay_misc_feat_hallway,
          nrook_mini_vaults, uniq_maggie
D:9:      layout_layer_cave, nicolae_overflow_hidden_temple,
          ebering_ghost_inner_flame, tgw_trog
D:10:     layout_basic, grunt_ministairs_15
D:11:     layout_rooms, erik_lair_dragon
D:12:     layout_basic, orc_0_dummy, serial_rivers,
          chequers_serial_rivers_small_a, chequers_serial_rivers_small_3,
          chequers_serial_rivers_small_3, chequers_serial_rivers_small_a,
          kennysheep_generic_room_12, uniq_josephine
Temple:   regret_index_temple_generic_petals
Lair:1:   layout_misc_corridors, ebering_ghost_xom

Skill      XL: |  1  2  3  4  5  6  7  8  9 10 11 12 |
---------------+-------------------------------------+-----
Stealth        | 5 6 7 8 10 12 13 | 13.8
Short Blades   | 2 3 4 5 7 8 9 |  9.7
Shields        | 1 2 4 |  4.0
Spellcasting   | 4 6 |  6.0
Hexes          | 8 9 |  9.9
Fighting       | 1 2 3 4 5 |  5.0
Dodging        | 6 8 10 | 10.5
Evocations     | 4 5 7 |  7.6
Invocations    | 2 4 |  4.0
Conjurations   | 1 2 |  2.0

Action                   |  1- 3 |  4- 6 |  7- 9 | 10-12 || total
-------------------------+-------+-------+-------+-------++-------
Melee: Dagger            |   113 |    49 |   273 |   381 ||   816
       Short sword       |    33 |    44 |       |       ||    77
Throw: Stone             |     2 |       |       |       ||     2
       Dart              |     2 |     3 |    23 |       ||    28
 Cast: Corona            |     8 |     1 |       |       ||     9
       Ensorcelled Hiber |    19 |    21 |    57 |    79 ||   176
       Confusing Touch   |       |     2 |     9 |    19 ||    30
       Dazzling Flash    |       |       |     2 |     7 ||     9
Evoke: Wand              |       |       |       |     2 ||     2
       Condenser vane    |       |       |       |     2 ||     2
       Box of beasts     |       |       |       |     1 ||     1
  Use: Scroll            |     2 |     4 |     3 |    16 ||    25
       Potion            |       |       |     1 |     2 ||     3
 Stab: Sleeping          |    15 |    22 |    56 |    86 ||   179
       Distracted        |     1 |       |     3 |     2 ||     6
       Confused          |       |     1 |     5 |    11 ||    17
       Invisible         |       |       |     1 |     7 ||     8
Armor: Robe              |    20 |     4 |     7 |     3 ||    34
       Steam dragon scal |       |       |       |    21 ||    21
Dodge: Dodged            |   116 |    56 |   154 |   194 ||   520
Block: Buckler           |       |       |    57 |    62 ||   119

Table legend: (Time is in decaauts)
 A = Elapsed time spent in this place.
 B = Non-inter-level travel time spent in this place.
 C = Inter-level travel time spent in this place.
 D = Time resting spent in this place.
 E = Time spent auto-exploring this place.
 F = Levels seen in this place.
 G = Mean time per level.
                   A        B        C        D        E       F      G
               +--------+--------+--------+--------+--------+-----+--------+
         Total |  13792 |  13277 |    515 |   4987 |   5669 |  15 |  919.5 |
       Dungeon |  12381 |  11889 |    492 |   4301 |   5345 |  12 | 1031.8 |
        Temple |    128 |    113 |     15 |      0 |    112 |   1 |  128.0 |
          Lair |    228 |    221 |      7 |     22 |     88 |   1 |  228.0 |
        Bailey |   1054 |   1054 |      0 |    664 |    123 |   1 | 1054.0 |
               +--------+--------+--------+--------+--------+-----+--------+

Top non-repeatable levels by time:
     D:7: 1821 daAuts
     D:1: 1366 daAuts
    D:11: 1361 daAuts
     D:6: 1214 daAuts
  Bailey: 1054 daAuts
     D:4: 1044 daAuts
     D:8: 961 daAuts
    D:12: 936 daAuts
     D:3: 923 daAuts
    D:10: 874 daAuts
     D:2: 674 daAuts
     D:9: 603 daAuts
     D:5: 599 daAuts
  Lair:1: 228 daAuts
  Temple: 128 daAuts
